AoeStats
← 5coinz

Arabia

510404327Analyzed
1v1 RM · 16h ago on Sep 30, 2026· 33m 56s· 2 players
Game mode
Random Map
Map size
Tiny (2 player)
Population
200
Speed
Normal
Resources
Standard
Victory
Conquest
Starting age
Dark Age
Ending age
Imperial Age
RankedLock teamsTeams togetherTeam positionsShared explorationLock speedFull tech treeHidden civsTurbo modeCheats
Victory
Defeat
🇧🇷 Japanese · Brazil
514
+17
🇧🇬 Bulgarians · Bulgaria
540
-17
fabricionfreitas
10:15 Feudal Age
10:42 Double-Bit Axe
17:34 Castle Age
23:39 Stone Mining
24:27 Gold Mining
30:02 Bow Saw
5coinz
10:47 Feudal Age
11:44 Double-Bit Axe
20:23 Castle Age
20:22 Forging
20:23 Horse Collar
21:35 Scale Mail Armor
23:37 Padded Archer Armor
24:33 Thumb Ring
25:18 Scale Barding Armor
26:58 Bow Saw
27:18 Squires
31:09 Wheelbarrow
Connection lost

Rejoining the realm…

Still unreachable

The connection could not be restored.

Session expired

The server has moved on; the page needs a fresh start.